Map: [ESL] Hard Lead

Players

Scarlett

  • Race: Zerg Zerg
  • Spawn Location: 5:00

Astrea - Winner!

  • Race: Protoss Protoss
  • Spawn Location: 11:00

Event: ESL SC2 Masters 2023 Winter (Regional)

VOD

Have the link to the VOD?

Description

Time

  • Played on: Nov. 12, 2023, 3:35 p.m.
  • Length: 9:52

All games in this series

Show
View Real Time Build Order
Export as new Build Order

Scarlett Zerg 

Build Orders: Hatch First 

Get SALT Encoding   

  12  0:00  Drone  
  13  0:12  Overlord  
  13  0:17  Drone  
  14  0:30  Drone x2  
  16  0:45  Drone  
  17  0:51  Hatchery  
  17  0:54  Drone  
  17  0:57  Drone  
  18  1:08  Extractor  
  17  1:11  Spawning Pool  
  17  1:15  Drone  
  17  1:19  Drone  
  18  1:27  Drone  
  19  1:38  Drone  
  20  1:51  Overlord  
  20  1:58  Queen  
  22  2:03  Zergling x2, Queen  
  22  2:04  Drone  
  26  2:11  Metabolic Boost  
  26  2:13  Zergling x2  
  26  2:14  Drone  
  28  2:25  Drone x2  
  30  2:38  Drone  
  30  2:39  Queen  
  33  2:44  Hatchery  
  33  2:48  Overlord  
  33  2:49  Drone  
  33  2:54  Drone  
  34  2:58  Drone  
  35  3:07  Spore Crawler  
  35  3:10  Drone x6  
  40  3:17  Queen  
  42  3:22  Overlord  
  42  3:26  Drone  
  42  3:33  Drone  
  43  3:34  Overlord  
  43  3:43  Drone x5  
  43  3:48  Roach Warren, Queen  
  47  3:50  Overlord  
  49  3:58  Drone x4  
  49  4:02  Queen  
  55  4:06  Overlord  
  55  4:07  Zergling x2  
  55  4:08  Zergling x2  
  57  4:13  Zergling x2  
  57  4:16  Zergling x4, Spore Crawler  
  59  4:17  Zergling x2  
  59  4:23  Zergling x4, Spore Crawler  
  61  4:27  Zergling x6  
  61  4:28  Zergling x2  
  61  4:31  Spore Crawler  
  64  4:45  Drone x7  
  71  4:51  Drone x5  
  71  5:02  Drone x4  
  75  5:10  Extractor x2  
  75  5:11  Lair  
  71  5:15  Drone x5  
  75  5:22  Drone x6  
  75  5:26  Overlord  
  81  5:31  Extractor, Overlord  
  81  5:33  Roach  
  82  5:37  Baneling Nest, Overlord  
  82  5:41  Overlord  
  81  5:47  Roach x4  
  89  5:51  Roach x3  
  95  6:02  Roach x7  
  110  6:09  Drone  
  110  6:10  Drone  
  110  6:11  Drone x3  
  113  6:12  Extractor  
  113  6:15  Glial Reconstitution  
  112  6:24  Roach, Overlord x3  
  114  6:46  Roach x10  
  130  6:59  Overlord x2  
  130  7:00  Roach x4  
  138  7:04  Overlord x4  
  134  7:23  Zergling x16  
  134  7:24  Ravager x4  
  134  7:27  Roach x2  
  150  7:31  Roach  
  150  7:33  Roach x3  
  158  7:37  Roach x2  
  158  7:39  Zergling x4  
  158  7:42  Zergling x4  
  166  7:45  Roach x3  
  163  7:54  Roach x2  
  163  7:56  Roach  
  163  7:59  Hatchery  
  163  8:03  Roach x2  
  152  8:16  Zergling x2, Roach x7  
  133  8:20  Roach x2  
  133  8:24  Roach  
  133  8:27  Roach  
  116  8:29  Roach x2  
  116  8:32  Roach  
  116  8:33  Roach  
  104  8:38  Roach x3  
  104  8:40  Ravager x2  
  112  8:43  Roach  
  103  8:48  Roach x2  
  103  8:52  Roach x2  
  99  8:57  Roach  
  99  9:00  Roach x2  
  90  9:05  Roach  
  90  9:08  Zergling x8, Roach  
  94  9:11  Zergling x4, Roach  
  94  9:15  Roach x2  
  94  9:16  Zergling x2  
  101  9:20  Roach  
  101  9:22  Roach  
  103  9:26  Roach x2  
  103  9:31  Roach x2  
Show
View Real Time Build Order
Export as new Build Order

Astrea Protoss - Winner!

Build Orders: 1 Gate Expand, Colossus Rush 

Get SALT Encoding   

  12  0:00  Probe  
  13  0:12  Probe  
  14  0:22  Pylon  
  14  0:27  Probe  
  15  0:40  Probe (Chrono Boost)  
  16  0:43  Gateway  
  16  0:49  Probe (Chrono Boost)  
  17  0:53  Assimilator  
  17  0:56  Probe  
  18  1:08  Probe  
  19  1:20  Probe  
  20  1:29  Nexus  
  20  1:32  Probe  
  21  1:42  Cybernetics Core  
  21  1:48  Assimilator  
  21  1:50  Probe  
  22  1:58  Pylon  
  22  2:03  Probe  
  23  2:16  Probe (Chrono Boost), Adept (Chrono Boost)  
  23  2:19  Warp Gate  
  26  2:25  Robotics Facility, Probe (Chrono Boost)  
  27  2:31  Probe (Chrono Boost)  
  28  2:39  Stalker  
  28  2:41  Probe (Chrono Boost)  
  32  2:48  Probe (Chrono Boost)  
  32  2:50  Probe (Chrono Boost)  
  33  2:55  Probe x2 (Chrono Boost)  
  35  3:07  Probe x2  
  37  3:13  Robotics Bay  
  37  3:15  Observer  
  37  3:19  Gateway, Probe  
  39  3:20  Probe  
  39  3:21  Adept  
  42  3:28  Pylon  
  42  3:31  Probe  
  42  3:34  Probe  
  44  3:35  Warp Prism (Chrono Boost)  
  46  3:46  Probe  
  46  3:47  Probe  
  48  3:49  Assimilator  
  48  3:56  Pylon  
  48  3:58  Probe  
  48  3:59  Probe  
  48  4:02  Assimilator  
  50  4:03  Disruptor (Chrono Boost)  
  54  4:10  Pylon  
  54  4:14  Probe  
  55  4:17  Adept  
  55  4:18  Adept  
  55  4:20  Probe  
  60  4:29  Pylon  
  60  4:31  Robotics Facility  
  60  4:36  Disruptor (Chrono Boost)  
  64  4:52  Gateway x2  
  64  4:57  Pylon  
  62  5:07  Warp Prism (Chrono Boost)  
  62  5:08  Gateway  
  62  5:12  Gateway  
  66  5:22  Gravitic Drive  
  66  5:26  Disruptor (Chrono Boost)  
  66  5:27  Probe x2  
  66  5:28  Pylon  
  68  5:32  Disruptor (Chrono Boost)  
  72  5:39  Pylon  
  72  5:41  Pylon  
  72  5:55  Colossus (Chrono Boost)  
  84  6:05  Colossus (Chrono Boost)  
  84  6:18  Stalker x3  
  84  6:19  Stalker x3  
  84  6:22  Shield Battery  
  84  6:24  Pylon  
  84  6:25  Pylon  
  96  6:50  Immortal (Chrono Boost)  
  104  7:00  Immortal (Chrono Boost)  
  104  7:07  Stalker x6  
  116  7:25  Pylon  
  116  7:26  Pylon  
  116  7:28  Pylon  
  116  7:43  Adept x3, Pylon  
  116  7:44  Adept x3  
  124  8:04  Stalker x6  
  92  8:27  Stalker x5  
  92  8:28  Stalker  
  96  8:49  Stalker x3  
  96  8:53  Stalker x2  
  94  9:09  Stalker x3  
  98  9:25  Stalker x2  
  98  9:26  Stalker  
  102  9:33  Stalker x2  
  102  9:36  Stalker  
Tags
 
Add a new tag
Caveats
  • Supply blocks, unpowered buildings, or Contaminate may cause inaccurate times.
  • Supply counts are checked every 10 seconds.